 Dungeon Crawl Stone Soup version 0.21-a0-380-gd65dc97 (webtiles) character file.

68 nikopol the Skirmisher (level 4, -1/29 HPs)
             Began as a Gargoyle Berserker on Oct 17, 2017.
             Was a Believer of Trog.
             Slain by nikopol's ghost (7 damage)
             ... on level 3 of the Dungeon.
             The game lasted 00:02:10 (1825 turns).

nikopol the Skirmisher (Gargoyle Berserker)         Turns: 1825, Time: 00:02:11

Health: -1/29      AC: 12    Str: 20    XL:     4   Next: 19%
Magic:  4/4        EV:  8    Int:  8    God:    Trog [**....]
Gold:   131        SH:  0    Dex: 10    Spells: 3/3 levels left

rFire    . . .     SeeInvis .   a - +0 spear
rCold    . . .     Gourm    .   (no shield)
rNeg     + . .     Faith    .   i - +0 chain mail
rPois    ∞         Spirit   .   (no helmet)
rElec    +         Reflect  .   (no cloak)
rCorr    .         Harm     .   (no gloves)
MR       .....                  (no boots)
Stlth    ..........             (no amulet)
HPRegen  0.09/turn              (no ring)
MPRegen  0.09/turn              (no ring)

@: berserk cooldown, slowed, very slow
A: negative energy resistance 1, electricity resistance, unbreathing,
petrification resistance, rot immunity, AC +3
a: Berserk, Trog's Hand, Burn Spellbooks, Renounce Religion


You were on level 3 of the Dungeon.
You worshipped Trog.
Trog was pleased with you.
You were hungry.

You visited 1 branch of the dungeon, and saw 3 of its levels.

You collected 131 gold pieces.

Inventory:

Hand Weapons
 a - a +0 spear (weapon)
Armour
 b - a +0 animal skin
 i - a +0 chain mail (worn)
Scrolls
 g - a scroll of random uselessness {unknown}
 h - 3 scrolls of teleportation {unknown}
 k - a scroll of noise {unknown}
 m - a scroll of blinking {unknown}
Potions
 e - 3 potions of curing {unknown}
 f - a potion of flight {unknown}
 j - a potion of heal wounds {unknown}
 l - a potion of agility {unknown}
 q - a potion of haste {unknown}
Comestibles
 c - 3 bread rations
 d - 4 fruits
 n - a royal jelly
 o - 9 chunks of flesh
 p - a meat ration


   Skills:
 + Level 4.1 Fighting
 + Level 3.5 Polearms
 + Level 2.6 Armour
 + Level 1.7 Dodging
 + Level 0.7 Stealth


You had 3 spell levels left.
You didn't know any spells.

Dungeon Overview and Level Annotations

Branches:
Dungeon (3/15)

Altars:
Elyvilon

Annotations:
D:3 nikopol's ghost, amateur GrGl


Innate Abilities, Weirdness & Mutations

You are resistant to torment.
Your stone body is resilient. (AC +3)
You are immune to poison.
You resist negative energy. (rN+)
You are resistant to electric shocks. (rElec)
You can survive without breathing.
You are immune to petrification.
You are immune to rotting.


Message History

Nikopol's ghost is lightly damaged.
You barely miss nikopol's ghost.
Nikopol's ghost is lightly damaged.
Nikopol's ghost closely misses you.
You hit nikopol's ghost but do no damage.
Nikopol's ghost is lightly damaged.
Nikopol's ghost hits you but does no damage.
Your chain mail prevents you from hitting nikopol's ghost.
Nikopol's ghost is lightly damaged.
You hit nikopol's ghost but do no damage.
Nikopol's ghost is lightly damaged.
You are no longer berserk.
You are exhausted.
You feel yourself slow down. Nikopol's ghost hits you!
* * * LOW HITPOINT WARNING * * *
A dart slug comes into view.
Your chain mail prevents you from hitting nikopol's ghost.
Nikopol's ghost is lightly damaged.
Nikopol's ghost hits you!
You die...

###############
#......)......####
#######.########.......#
........# #.#####.#
################.# #
#......).# # #.####.#@#
#### #.#W#####.# ...#
##.#S......# ##.#
#....##.#### #.# #.....#
# #.# .........
##.###.............
................w...
.#.###..............#


You could see nikopol's ghost, an adder and a dart slug.

Vanquished Creatures
  2 adders
  An ooze (D:3)
  A worm (D:2)
  A dart slug (D:1)
  A leopard gecko (D:2)
  An orc (D:3)
  3 giant cockroaches
  5 goblins
  7 hobgoblins
  A quokka (D:2)
  3 bats
  2 frilled lizards
  7 kobolds
  2 rats
37 creatures vanquished.

Notes
Turn   | Place    | Note
-------+----------+-------------------------------------------
     0 | D:1      | nikopol the Gargoyle Berserker began the quest for the Orb.
     0 | D:1      | Reached XP level 1. HP: 14/14 MP: 1/1
   438 | D:1      | Reached XP level 2. HP: 16/20 MP: 2/2
   914 | D:2      | Reached XP level 3. HP: 16/24 MP: 3/3
  1018 | D:2      | Reached skill level 4 in Fighting
  1051 | D:2      | Reached ** piety under Trog
  1068 | D:2      | Found a white marble altar of Elyvilon.
  1791 | D:3      | Noticed nikopol's ghost (amateur GrGl)
  1813 | D:3      | Reached XP level 4. HP: 18/29 MP: 4/4
  1825 | D:3      | Slain by nikopol's ghost

Vault maps used:
D:1:      dpeg_arrival_orchard
D:2:      glass_columns_a, elyvilon_altar_4
D:3:      marbit_many_paths

Skill      XL: |  1  2  3 |
---------------+----------+-----
Polearms       | 3 |  3.5
Fighting       | 4 |  4.1
Armour         | |  2.6
Dodging        | |  1.7
Stealth        | |  0.7

Action                   |  1- 3 |  4- 6 || total
-------------------------+-------+-------++-------
Melee: Spear             |   159 |    12 ||   171
Invok: Berserk           |     1 |       ||     1
  Eat: Chunk             |     3 |       ||     3
Armor: Animal skin       |     3 |       ||     3
       Chain mail        |    57 |     3 ||    60
Dodge: Dodged            |    45 |     2 ||    47

Table legend:
 A = Spawn XP
 B = Non-spawn XP
 C = Spawn XP percentage of total XP
 D = Spawn monster count
 E = Non-spawn monster count
 F = Spawn count percentage of total count
 G = Total turns spent on level
                    A         B        C        D         E        F      G
               +---------+---------+-------+---------+---------+-------+---------
         Total |       0 |      98 |   0.0 |       0 |      37 |   0.0 |  1825
               +---------+---------+-------+---------+---------+-------+---------
           D:1 |       0 |      21 |   0.0 |       0 |      12 |   0.0 |   771
           D:2 |       0 |      40 |   0.0 |       0 |      14 |   0.0 |   897
           D:3 |       0 |      37 |   0.0 |       0 |      11 |   0.0 |   157
               +---------+---------+-------+---------+---------+-------+---------
